 Dungeon Crawl Stone Soup version 0.29-a0-1043-g569b05d6ff (webtiles) character file.

Game seed: 4665501908086605191

69 gema the Ruffian (level 4, 0/44 HPs)
             Began as a Troll Berserker on Aug 15, 2022.
             Was a Believer of Trog.
             Slain by an orc
             ... wielding a +0 trident
              (1 damage)
             ... on level 3 of the Dungeon.
             The game lasted 00:08:06 (1325 turns).

gema the Ruffian (Troll Berserker)                  Turns: 1325, Time: 00:08:07

Health: 0/44       AC:  4    Str: 27    XL:     4   Next: 2%
Magic:  3/3        EV: 10    Int:  3    God:    Trog [**....]
Gold:   100        SH:  0    Dex:  9    Spells: 3/3 levels left

rFire   . . .      SeeInvis .     - Unarmed
rCold   . . .      Faith    .   (no shield)
rNeg    . . .      Spirit   .   a - +0 animal skin
rPois   .          Reflect  .   (helmet restricted)
rElec   .          Harm     .   (no cloak)
rCorr   .          Rampage  .   (gloves unavailable)
Will    .....                   (boots unavailable)
Stlth   +.........              (no amulet)
HPRegen 0.94/turn               (no ring)
MPRegen 0.08/turn               (no ring)

@: no status effects
A: large, unfitting armour, claws 3, regeneration 1, shaggy fur 1, tough skin 1
a: Renounce Religion, Berserk, Trog's Hand


You were on level 3 of the Dungeon.
You worshipped Trog.
Trog was pleased with you.
You visited 1 branch of the dungeon, and saw 3 of its levels.

You collected 100 gold pieces.

Inventory:

Hand Weapons
 d - a +0 club
Armour
 a - a +0 animal skin (worn)
Scrolls
 b - 2 scrolls of teleportation {unknown}
 c - a scroll of acquirement {unknown}
 e - 2 scrolls of enchant weapon {unknown}
 f - 3 scrolls of immolation {unknown}
 h - a scroll of magic mapping {unknown}
 i - a scroll of brand weapon {unknown}
 k - a scroll of noise {unknown}
Potions
 g - a potion of magic {unknown}
 j - a potion of attraction {unknown}


   Skills:
 + Level 2.8 Fighting
 + Level 3.1 Dodging
 + Level 4.0 Unarmed Combat


You had 3 spell levels left.
You didn't know any spells.
Your spell library was empty.

Dungeon Overview and Level Annotations

Branches:
Dungeon (3/15)

Altars:

Shops:
D:1 (   D:2 ?


Innate Abilities, Weirdness & Mutations

You are too large for most types of armour.
You have claws for hands.
Your natural rate of healing is unusually fast.
You are covered in fur. (AC +1)
You have tough skin. (AC +1)


Message History

Trog accepts your kill.
The orc hits you from afar with a +0 trident.
The orc hits you but does no damage. The ball python misses you.
The orc attacks as you move away! The orc hits you with a +0 dagger.
The orc closely misses you. The orc hits you with a +0 trident!
The ball python barely misses you.
Things that are here:
a +0 club; an orc corpse You scratch the orc.
The orc is severely wounded.
The orc misses you. The orc hits you with a +0 dagger.
The orc closely misses you. The ball python bites you.
You scratch the orc but do no damage.
The orc is severely wounded.
You hear the slow rusting of a very distant drain.
The orc hits you but does no damage. The orc closely misses you.
The orc hits you with a +0 trident!
* * * LOW HITPOINT WARNING * * *
The ball python closely misses you.
You mangle the orc!!
You kill the orc!
Trog accepts your kill. The orc hits you with a +0 dagger.
* * * LOW HITPOINT WARNING * * *
The orc closely misses you. The ball python barely misses you.
You claw the orc!
You kill the orc!
Trog accepts your kill. The ball python closely misses you.
The orc hits you with a +0 trident.
* * * LOW HITPOINT WARNING * * *
Your Unarmed Combat skill increases to level 4!
You have reached level 4!
The ball python bites you.
* * * LOW HITPOINT WARNING * * *
The orc barely misses you. The ball python bites you.
* * * LOW HITPOINT WARNING * * *
You see here a +0 dagger.
You barely miss the ball python.
The orc hits you from afar with a +0 trident.
You die...

#########
#...@)..####
#...S)o......
#.......#####
#.......#
##########
####'####
.........#
#.#
..######.#
#.# ..# #.#
#.# ..# #.#
#.#


You could see an orc and a ball python.

Vanquished Creatures
  2 adders
  3 dart slugs (D:1)
  5 orcs
  4 bats (D:1)
  4 endoplasms
  5 goblins
  3 hobgoblins
  3 jackals (D:1)
  2 ball pythons (D:1)
  2 frilled lizards (D:1)
  3 rats (D:1)
36 creatures vanquished.

Notes
Turn   | Place    | Note
-------+----------+-------------------------------------------
     0 | D:1      | gema the Troll Berserker began the quest for the Orb.
     0 | D:1      | Reached XP level 1. HP: 22/22 MP: 0/0
   186 | D:1      | Reached XP level 2. HP: 27/29 MP: 1/1
   454 | D:1      | Reached ** piety under Trog
   543 | D:1      | Found Coetoyjui's Weapon Emporium.
   554 | D:1      | Reached XP level 3. HP: 36/36 MP: 2/2
  1231 | D:2      | Found a faded altar of an unknown god.
  1265 | D:2      | Found Daiciz's Magic Scroll Emporium.
  1324 | D:3      | Reached skill level 4 in Unarmed Combat
  1324 | D:3      | Reached XP level 4. HP: 5/44 MP: 3/3
  1324 | D:3      | HP: 1/44 [ball python (2)]
  1325 | D:3      | Slain by an orc

Illustrated notes

Levels and vault maps discovered:
D:1:      amcnicky_arrival_choice, layout_basic, serial_shops,
          nicolae_shop_statue_plus
D:2:      layout_rooms, basic_ecumenical_altar, serial_shops, shop, basic_altar,
          uniq_sigmund
D:3:      layout_basic, cheibrodos_sewer_entry_drain

Skill      XL: |  1  2  3 |
---------------+----------+-----
Dodging        | 3 |  3.1
Unarmed Combat | 4 |  4.0
Fighting       | |  2.8

Action                   |  1- 3 |  4- 6 || total
-------------------------+-------+-------++-------
Melee: Unarmed           |    90 |     1 ||    91
Armor: Animal skin       |    34 |       ||    34
Dodge: Dodged            |    66 |     1 ||    67

Table legend: (Time is in decaauts)
 A = Elapsed time spent in this place.
 B = Non-inter-level travel time spent in this place.
 C = Inter-level travel time spent in this place.
 D = Time resting spent in this place.
 E = Time spent auto-exploring this place.
 F = Levels seen in this place.
 G = Mean time per level.
                   A        B        C        D        E       F      G
               +--------+--------+--------+--------+--------+-----+--------+
         Total |   1317 |   1309 |      8 |      0 |      0 |   3 |  439.0 |
       Dungeon |   1317 |   1309 |      8 |      0 |      0 |   3 |  439.0 |
               +--------+--------+--------+--------+--------+-----+--------+

Top non-repeatable levels by time:
     D:1: 1105 daAuts
     D:2: 158 daAuts
     D:3: 53 daAuts
